 Dungeon Crawl Stone Soup version 0.29.1-12-g30fa7ad0bf (webtiles) character file.

Game seed: 10429193492513374704

96 MajorAdolf the Trooper (level 4, 0/45 HPs)
             Began as a Naga Wanderer on Jan 8, 2023.
             Slain by a hobgoblin (2 damage)
             ... led by Robin
             ... on level 3 of the Dungeon.
             The game lasted 00:03:34 (2750 turns).

MajorAdolf the Trooper (Naga Wanderer)              Turns: 2750, Time: 00:03:35

Health: 0/45       AC:  8    Str: 17    XL:     4   Next: 67%
Magic:  4/4        EV: -2    Int: 11    God:
Gold:   176        SH:  7    Dex: 11    Spells: 3/3 levels left

rFire   + . .      SeeInvis +   u - +0 hand axe
rCold   + . .      Faith    .   q - +0 kite shield
rNeg    . . .      Spirit   .   l - +0 gold dragon scales
rPois   +          Reflect  .   r - +0 helmet
rElec   .          Harm     .   (no cloak)
rCorr   .          Rampage  .   (no gloves)
Will    .....                   (no barding)
Stlth   ..........              (no amulet)
HPRegen 0.15/turn               (no ring)
MPRegen 0.09/turn               (no ring)

@: very slow
A: AC +1, large, see invisible, deformed body, poison resistance, slowness 2,
spit poison 1, naga tail 1
a: Spit Poison


You were on level 3 of the Dungeon.
You visited 1 branch of the dungeon, and saw 3 of its levels.

You collected 176 gold pieces.

Inventory:

Hand Weapons
 a - a +1 sling
 k - a +0 short sword
 t - a +0 sling
 u - a +0 hand axe (weapon)
Missiles
 f - 3 throwing nets
Armour
 d - a +0 leather armour
 e - a +0 robe
 l - +0 gold dragon scales (worn)
 q - a +0 kite shield (worn)
 r - a +0 helmet (worn)
Wands
 b - a wand of flame (17) (quivered)
Scrolls
 c - a scroll of fear
 i - a scroll of enchant armour {unknown}
 j - a scroll of fog {unknown}
 n - 2 scrolls of identify {unknown}
 o - 2 scrolls of teleportation {unknown}
 p - 2 scrolls of enchant weapon {unknown}
 v - a scroll of torment {unknown}
Potions
 g - a potion of cancellation {unknown}
 h - 2 potions of curing {unknown}
 m - a potion of ambrosia {unknown}
 s - a potion of flight {unknown}
 w - a potion of brilliance {unknown}


   Skills:
 + Level 4.3 Fighting
 + Level 0.5 Axes
 - Level 1.7 Ranged Weapons
 + Level 1.0 Armour
 + Level 0.9 Dodging
 + Level 1.0 Shields
 - Level 1.0 Invocations
 + Level 4.1 Evocations


You had 3 spell levels left.
You didn't know any spells.
Your spell library contained the following spells:

 Spells                   Type           Power      Damage    Failure   Level
 Dazzling Flash           Conj/Hex       0%         N/A       100%        3
 Iskenderun's Mystic Bla  Conj/Tloc      0%         2d3       100%        4
 Starburst                Conj/Fire      0%         6d3       100%        6


Dungeon Overview and Level Annotations

Branches:
Dungeon (3/15)

Altars:

Annotations:
D:3 Robin


Innate Abilities, Weirdness & Mutations

Your serpentine skin is tough. (AC +1)
You have supernaturally acute eyesight. (SInv)
Armour fits poorly on your strangely shaped body.
Your system is resistant to poisons. (rPois)
You cover ground very slowly.
You can spit poison.
You have a snake-like lower body.


Message History

You block Robin's attack.
The hobgoblin hits you but does no damage.
You block the hobgoblin's attack.
Unknown command.
You hit the hobgoblin.
The hobgoblin is severely wounded.
You hit the hobgoblin. You hit Robin but do no damage.
Robin throws the goblin at you!
The hobgoblin hits you but does no damage. x2
The goblin hits you but does no damage. Robin hits you with a +0 mace.
Unknown command.
You closely miss the goblin. You closely miss the hobgoblin. You hit Robin.
You hit the hobgoblin but do no damage. The hobgoblin hits you.
The hobgoblin hits you but does no damage.
The goblin hits you but does no damage. Robin hits you with a +0 mace.
* * * LOW HITPOINT WARNING * * *
The hobgoblin hits you but does no damage.
The goblin hits you with a +0 club.
* * * LOW HITPOINT WARNING * * *
You block the hobgoblin's attack.
You barely miss the goblin. You barely miss the hobgoblin.
You closely miss Robin. You hit the hobgoblin.
You kill the hobgoblin!
Robin splashes around in the water.
The goblin hits you with a +0 club.
* * * LOW HITPOINT WARNING * * *
Unknown command.
You closely miss the goblin. You hit the hobgoblin.
You kill the hobgoblin!
You hit the hobgoblin. You hit Robin but do no damage.
The goblin hits you but does no damage. The goblin hits you with a +0 club.
* * * LOW HITPOINT WARNING * * *
You hit the goblin.
The goblin is heavily wounded.
You closely miss the hobgoblin. You hit Robin.
You block the hobgoblin's attack. The goblin hits you but does no damage.
You hit the goblin but do no damage.
The goblin is heavily wounded.
You closely miss the goblin. You barely miss Robin.
You barely miss the hobgoblin. The hobgoblin hits you.
You die...

#.....# #. ####.## #.
#.# ##. #.# #.. #.# #.#
######.##### #.#
#))........#####.#
##g###.~♣♣♣~~~♣~#.#
#g@♣~~~P~♣♣♣♣P~♣~~~
#gg~~♣♣♣~~~P~P~~~~♣
♣~~~~~P~P≈~≈≈≈~~~~~
♣~~~~~~≈≈≈≈≈≈≈P~~~♣
♣~~~♣~~P≈≈≈≈≈≈≈≈≈≈≈~~
♣~~~~~P≈≈≈≈≈≈≈≈≈≈≈≈~P
~~~♣~~~~≈≈≈≈≈≈≈≈≈≈≈≈~P
#♣♣~~~~~~≈≈≈≈≈≈≈≈≈≈≈≈P~
♣♣~~♣~P♣≈≈≈≈≈≈≈≈≈≈~P♣


You could see Robin, a hobgoblin (strong) and 2 goblins.

Vanquished Creatures
  2 adders
  3 worms
  4 dart slugs
  An orc (D:3)
  3 ball pythons (D:1)
  8 endoplasms
  8 hobgoblins
  3 jackals (D:2)
  3 kobolds
  A quokka (D:2)
  5 bats
  3 frilled lizards
  7 goblins
  6 rats
57 creatures vanquished.

Vanquished Creatures (others)
  16 plants (D:3)
16 creatures vanquished.

Grand Total: 73 creatures vanquished

Notes
Turn   | Place    | Note
-------+----------+-------------------------------------------
     0 | D:1      | MajorAdolf the Naga Wanderer began the quest for the Orb.
     0 | D:1      | MajorAdolf set off with the following items: a +1 sling, a
                  | wand of flame (17), a scroll of fear, a +0 leather armour.
     0 | D:1      | Reached XP level 1. HP: 21/21 MP: 1/1
    91 | D:1      | Reached XP level 2. HP: 28/28 MP: 2/2
   726 | D:1      | Reached XP level 3. HP: 28/36 MP: 3/3
  1664 | D:2      | Reached XP level 4. HP: 44/44 MP: 4/4
  2285 | D:3      | Found a faded altar of an unknown god.
  2612 | D:3      | Reached skill level 1 in Shields
  2625 | D:3      | Reached skill level 1 in Armour
  2736 | D:3      | Noticed Robin
  2748 | D:3      | HP: 2/45 [goblin/+0 club[Robin] (5)]
  2750 | D:3      | Slain by a hobgoblin

Illustrated notes

Levels and vault maps discovered:
D:1:      minmay_arrival_jagged, layout_rooms, minmay_misc_feat_ornament,
          chequers_serial_rivers_micro_a, minmay_tree_intersection,
          dreamdust_mushroom_princess
D:2:      layout_basic
D:3:      layout_rooms, basic_ecumenical_altar, serial_bayou,
          serial_bayou_lagoon_a, serial_bayou_lake_a, serial_bayou_pond_a,
          serial_bayou_ford_a, serial_bayou_pond_c, minmay_misc_feat_columns,
          dreamdust_wishing_well, uniq_robin

Skill      XL: |  1  2  3  4 |
---------------+-------------+-----
Fighting       | 4 |  4.3
Shields        | 1 |  1.0
Armour         | 1 |  1.0
Axes           | |  0.5
Ranged Weapons | |  1.7
Dodging        | |  0.9
Invocations    | |  1.0
Evocations     | |  4.1

Action                   |  1- 3 |  4- 6 || total
-------------------------+-------+-------++-------
Melee: Short sword       |    85 |       ||    85
       Punch             |     2 |       ||     2
       Hand axe          |       |    81 ||    81
 Fire: Sling             |    14 |       ||    14
 Abil: Spit Poison       |     7 |     8 ||    15
Armor: Gold dragon scale |    47 |    59 ||   106
       Robe              |     2 |       ||     2
Dodge: Dodged            |     4 |     4 ||     8
Block: Kite shield       |    12 |    29 ||    41
